 Dungeon Crawl Stone Soup version 0.27.0-1-g7a089689b8 (webtiles) character file.

Game seed: 2473299461362571712

328 horus123 the Covered (level 6, 0/47 HPs)
             Began as a Human Fighter on Aug 16, 2021.
             Was an Initiate of Okawaru.
             Slain by Sigmund (6 damage)
             ... on level 3 of the Dungeon.
             The game lasted 00:04:35 (3190 turns).

horus123 the Covered (Human Fighter)                Turns: 3190, Time: 00:04:36

Health: 0/47       AC: 11    Str: 18    XL:     6   Next: 80%
Magic:  6/6        EV:  3    Int: 15    God:    Okawaru [......]
Gold:   99         SH:  9    Dex: 12    Spells: 5/5 levels left

rFire    . . .     SeeInvis .   i - +4 war axe
rCold    . . .     Faith    .   c - +0 kite shield
rNeg     . . .     Spirit   .   e - +0 plate armour
rPois    .         Reflect  .   (no helmet)
rElec    .         Harm     .   (no cloak)
rCorr    .         Rampage  .   (no gloves)
Will     .....                  (no boots)
Stlth    ..........             (no amulet)
HPRegen  0.15/turn              g - +6 ring of intelligence
MPRegen  0.10/turn              (no ring)

@: no status effects
A: no striking features
a: Renounce Religion


You were on level 3 of the Dungeon.
You worshipped Okawaru.
Okawaru was noncommittal.
You visited 1 branch of the dungeon, and saw 3 of its levels.

You collected 99 gold pieces.

Inventory:

Hand Weapons
 a - a +0 long sword
 i - a +4 war axe (weapon)
Missiles
 f - 6 silver javelins (quivered)
Armour
 c - a +0 kite shield (worn)
 e - a +0 plate armour (worn)
Jewellery
 g - a +6 ring of intelligence (left hand)
Scrolls
 b - a scroll of magic mapping {unknown}
 h - a scroll of teleportation
Potions
 d - a potion of might
 j - a potion of brilliance {unknown}
 k - 2 potions of attraction
 l - a potion of heal wounds {unknown}


   Skills:
 + Level 3.6 Fighting
 - Level 2.1 Long Blades
 * Level 3.9 Axes
 + Level 0.1 Throwing
 + Level 4.3 Armour
 + Level 0.4 Dodging
 + Level 0.4 Stealth
 + Level 3.9 Shields


You had 5 spell levels left.
You didn't know any spells.
Your spell library contained the following spells:

 Spells                   Type           Power      Damage    Failure   Level
 Shock                    Conj/Air       0%         1d3       100%        1
 Swiftness                Air            0%         N/A       100%        3
 Airstrike                Air            0%         N/A       100%        4


Dungeon Overview and Level Annotations

Branches:
Dungeon (3/15)

Altars:
Okawaru
Vehumet

Annotations:
D:3 Sigmund


Message History

Sigmund's eyes start glowing with a red light.
Sigmund gestures wildly while chanting.
Sigmund flickers and vanishes!
Deactivating autopickup; reactivate with Ctrl-A.
No target in view!
No target in view!
There is a stone staircase leading up here.
Something hits you.
There is a stone staircase leading up here.
Something hits you.
You hear some strange, mumbled words.
A magic dart appears from out of thin air!
The magic dart hits you!
You hit something.
You hear some strange, mumbled words.
A magic dart appears from out of thin air!
The magic dart hits you.
You closely miss something.
You hear some strange, mumbled words.
A puff of flame appears from out of thin air!
The puff of flame hits you. Something hits you but does no damage.
You barely miss something. Something hits you.
Your plate armour prevents you from hitting something.
Something hits you. Something hits you but does no damage.
Your plate armour prevents you from hitting something.
Something hits you. Something hits you but does no damage.
You completely miss something. You block something's attack.
You slash something! Something hits you. Something hits you but does no damage.
You hit something. You block something's attack.
You barely miss something. Something hits you but does no damage.
You block something's attack.
You closely miss something. Something hits you.
* * * LOW HITPOINT WARNING * * *
You miss something. You block something's attack.
You hear some strange, mumbled words.
A magic dart appears from out of thin air!
The magic dart hits you.
* * * LOW HITPOINT WARNING * * *
You hit something. Something hits you.
You die...

.......................
####..####......[.#####
# #..# #............ ..
# #..# #.........###...
#
#..####................
#
#.....................#
#
#.############.###.....
. #.# ........<........
.# #.#
##.....@.#....... ..
#.# #.......{+.......
#.##.#
#........#.....♣♣
#..#.#
.#........#.♣♣♣P♣ #.#.#
.#.......≈≈♣≈ ≈≈
#...###.#.######♣≈≈≈≈ ≈
##......#. ≈♣≈≈≈♣≈
#..#.....# ≈♣≈P≈≈≈
#..##.#### ≈≈≈≈≈


There were no monsters in sight!

Vanquished Creatures
  Grinder (D:3)
  A hound (D:2)
  3 gnolls (D:2)
  2 adders (D:2)
  A worm (D:2)
  2 dart slugs (D:3)
  A ball python (D:2)
  6 endoplasms
  2 giant cockroaches
  3 goblins (D:1)
  3 hobgoblins
  5 jackals (D:2)
  A quokka (D:1)
  6 bats
  4 frilled lizards
  5 kobolds
  8 rats
54 creatures vanquished.

Vanquished Creatures (others)
  32 plants
32 creatures vanquished.

Grand Total: 86 creatures vanquished

Notes
Turn   | Place    | Note
-------+----------+-------------------------------------------
     0 | D:1      | horus123 the Human Fighter began the quest for the Orb.
     0 | D:1      | Reached XP level 1. HP: 18/18 MP: 1/1
   304 | D:1      | Reached XP level 2. HP: 21/24 MP: 2/2
   629 | D:1      | Reached XP level 3. HP: 27/29 MP: 3/3
  1549 | D:2      | Reached XP level 4. HP: 15/35 MP: 4/4
  1888 | D:2      | Reached skill level 1 in Axes
  2182 | D:2      | Reached XP level 5. HP: 25/41 MP: 5/5
  2194 | D:2      | Reached skill level 4 in Armour
  2661 | D:2      | Found a faded altar of an unknown god.
  2765 | D:3      | Noticed Grinder
  2775 | D:3      | Killed Grinder
  2776 | D:3      | Reached XP level 6. HP: 34/47 MP: 6/6
  2871 | D:3      | Found an iron altar of Okawaru.
  2889 | D:3      | Became a worshipper of Warmaster Okawaru
  3030 | D:3      | Found a radiant altar of Vehumet.
  3172 | D:3      | Noticed Sigmund
  3190 | D:3      | Slain by Sigmund

Illustrated notes

Levels and vault maps discovered:
D:1:      wander_arrival_fairy_ring, layout_basic, serial_forest,
          infiniplex_forest_straight_4, infiniplex_forest_clump_curved,
          infiniplex_forest_lined_4_way, infiniplex_forest_end_1,
          infiniplex_forest_corner_1, infiniplex_forest_lined_2
D:2:      layout_loops_ring, chequers_ecumenical_altar_lobes,
          grunt_ministairs_1, st_stairs_12
D:3:      layout_basic, mainiacjoe_overflow_brackets, old_standard_altar,
          serial_bayou_lake_a, uniq_grinder, uniq_sigmund

Skill      XL: |  1  2  3  4  5 |
---------------+----------------+-----
Axes           | 2 3 |  3.9
Armour         | 4 |  4.3
Fighting       | |  3.6
Long Blades    | |  2.1
Throwing       | |  0.1
Dodging        | |  0.4
Stealth        | |  0.4
Shields        | |  3.9

Action                   |  1- 3 |  4- 6 || total
-------------------------+-------+-------++-------
Melee: Long sword        |    63 |       ||    63
       War axe           |    12 |    95 ||   107
Throw: Javelin           |    12 |       ||    12
  Use: Scroll            |     3 |     2 ||     5
Armor: Scale mail        |    46 |       ||    46
       Plate armour      |     6 |    82 ||    88
Dodge: Dodged            |    29 |    23 ||    52
Block: Kite shield       |    52 |    55 ||   107
       Rpst.: Long sword |     9 |       ||     9
